 Dungeon Crawl Stone Soup version 0.31.0-11-ge490571c62 (webtiles) character file.

Game seed: 2513607078612965672

165 JustSomeDude the Ruffian (level 5, -7/53 HPs)
             Began as a Troll Monk on Feb 2, 2024.
             Was a Priest of Jiyva.
             Mangled by an orc warrior
             ... wielding a +3 mace
              (12 damage)
             ... on level 4 of the Dungeon.
             The game lasted 00:05:59 (2516 turns).

JustSomeDude the Ruffian (Troll Monk)               Turns: 2516, Time: 00:05:59

Health: -7/53      AC:  4    Str: 17    XL:     5   Next: 21%
Magic:  4/4        EV: 10    Int: 14    God:    Jiyva [***...]
Gold:   98         SH:  5    Dex: 12    Spells: 4/4 levels left

rFire   . .          .
                       - Unarmed
rCold   . . .        c - orb {light}
rNeg    . . .        a - +0 robe
rPois   .            (helmet restricted)
rElec   +            (no cloak)
rCorr   +            (gloves unavailable)
SInv    +            (boots unavailable)
Will    .....        o - amulet of reflection
Stlth   +            j - ring of see invisible
HPRegen 2.20/turn    m - ring of resist corrosion
MPRegen 0.65/turn

%: reflection
@: attractive, glowing
A: large, unfitting armour, claws 3, regeneration 1, shaggy fur 1, tough skin 1,
clever 2, electricity resistance, translucent skin 1
a: Renounce Religion, Oozemancy


You were on level 4 of the Dungeon.
You worshipped Jiyva.
Jiyva was most pleased with you.
You visited 1 branch of the dungeon, and saw 4 of its levels.

You collected 98 gold pieces.

Inventory:

Armour
 a - a +0 robe (worn)
 c - an orb of light (worn)
Jewellery
 j - a ring of see invisible (left claw)
 m - a ring of resist corrosion (right claw)
 o - an amulet of reflection (around neck)
Scrolls
 d - 3 scrolls of teleportation {unknown}
 g - 2 scrolls of identify {unknown}
 k - a scroll of revelation {unknown}
 p - a scroll of fear {unknown}
Potions
 b - 2 potions of ambrosia
 e - a potion of degeneration {unknown}
 f - a potion of lignification {unknown}
 h - 2 potions of cancellation
 i - 3 potions of heal wounds {unknown}
 l - a potion of mutation {unknown}
 n - a potion of haste {unknown}
 q - a potion of attraction
 r - 2 potions of curing {unknown}


   Skills:
 + Level 3.0 Fighting
 + Level 3.1 Dodging
 + Level 0.3 Stealth
 + Level 4.8 Unarmed Combat


You had 4 spell levels left.
You didn't know any spells.
Your spell library contained the following spells:

 Spells                   Type           Power      Damage    Failure   Level
 Call Canine Familiar     Summ           0%         N/A       65%         3
 Fugue of the Fallen      Necr           0%         N/A       65%         3
 Ozocubu's Armour         Ice            0%         N/A       65%         3
 Sigil of Binding         Hex            0%         N/A       65%         3
 Dimensional Bullseye     Hex/Tloc       0%         N/A       96%         4
 Manifold Assault         Tloc           0%         N/A       96%         4


Dungeon Overview and Level Annotations

Branches:
Dungeon (4/15)
 Temple: D:4-7

Altars:
Ashenzari
Makhleb
Ru
Jiyva


Innate Abilities, Weirdness & Mutations

You are too large for most types of armour.
You have claws for hands.
Your natural rate of healing is unusually fast.
You are covered in fur. (AC +1)
You have tough skin. (AC +1)
Your mind is very acute. (Int +8, Str/Dex -2)
You are resistant to electric shocks. (rElec)
Your translucent skin slightly reduces your foes' accuracy. (Stealth+)


Message History

A quokka comes into view.
Found a robe.
Jiyva says: Divide and consume!
An orc comes into view. It is wielding a +0 club.
You barely miss the quokka.
The orc shouts!
You hear a shout!
The quokka bites you but does no damage.
You claw the quokka!
You kill the quokka!
A goblin comes into view. It is wielding a +0 club.
An orc warrior comes into view. It is wielding a +3 mace.
The orc warrior shouts!
A goblin comes into view. It is wielding a +0 club.
An orc priest comes into view. It is wielding a +0 club.
The orc barely misses you.
You hear a distant slurping noise.
The orc priest shouts!
The goblin shouts!
You claw the orc!
You kill the orc!
The orc priest begins to cast a cantrip, but forgets the words!
You hear a distant slurping noise.
You scratch the orc warrior.
The orc warrior is lightly wounded.
The orc priest mumbles some strange prayers to Beogh against you.
Beogh smites you!
The orc warrior hits you with a +3 mace!
It was a potion of cancellation.
You feel magically purged.
The orc warrior hits you with a +3 mace!
It was a potion of attraction.
You feel attractive to monsters.
The orc warrior hits you with a +3 mace!
* * * LOW HITPOINT WARNING * * *
The orc warrior attacks as it pursues you!
The orc warrior hits you with a +3 mace.
* * * LOW HITPOINT WARNING * * *
The orc priest is attracted toward you.
The goblin is attracted toward you. x2; The orc priest is attracted toward you.
The orc warrior attacks as it pursues you!
The orc warrior hits you with a +3 mace!
You die...

....##.......+
....##.......#
....##..##########.##
.#####.....†.........
.
###.######.####.####
.............#.....
...#....#.#.#.#...#
###.#....#.#.#+##..#
.......#.#...@...#
#..##...#.##...o..# .
....#......g..#
.....###[....g.#
......
#......o§§.....
##.....##.#..## ###
####..# ... .. ...
#... ... ... #..#
####


You could see an orc warrior, an orc priest and 2 goblins.

Vanquished Creatures
  8 adders
  2 dart slugs (D:2)
  2 ribbon worms (D:3)
  6 orcs
  7 endoplasms
  2 giant cockroaches (D:1)
  2 goblins
  9 hobgoblins
  10 quokkas
  9 ball pythons
  9 bats
  3 frilled lizards
  5 kobolds
  5 rats
79 creatures vanquished.

Vanquished Creatures (others)
  A jelly (D:4)
  A hound (D:4)
  2 orcs (D:4)
  2 endoplasms (D:4)
  A goblin (D:4)
  A ball python (D:4)
8 creatures vanquished.

Grand Total: 87 creatures vanquished

Notes
Turn   | Place    | Note
-------+----------+-------------------------------------------
     0 | D:1      | JustSomeDude the Troll Monk began the quest for the Orb.
     0 | D:1      | Reached XP level 1. HP: 22/22 MP: 0/0
   114 | D:1      | Reached XP level 2. HP: 29/29 MP: 1/1
   622 | D:1      | Reached XP level 3. HP: 36/36 MP: 2/2
  1218 | D:2      | Reached skill level 4 in Unarmed Combat
  1288 | D:2      | Reached XP level 4. HP: 44/44 MP: 3/3
  1708 | D:3      | Found a faded altar of an unknown god.
  1788 | D:3      | Found a burning altar of Makhleb.
  1865 | D:3      | Found a broken altar of Ashenzari.
  1939 | D:3      | Found a sacrificial altar of Ru.
  2025 | D:3      | Prayed at the altar of an unknown god.
  2025 | D:3      | Became a worshipper of Jiyva Juagypog the Shapeless
  2025 | D:3      | Reached * piety under Jiyva
  2025 | D:3      | Reached ** piety under Jiyva
  2095 | D:3      | Reached *** piety under Jiyva
  2404 | D:4      | Reached XP level 5. HP: 53/53 MP: 4/4
  2497 | D:4      | Gained mutation: Your mind is acute. (Int +4, Str/Dex -1)
                  | [Jiyva's grace]
  2497 | D:4      | Gained mutation: Your mind is very acute. (Int +8, Str/Dex
                  | -2) [Jiyva's grace]
  2497 | D:4      | Gained mutation: You are resistant to electric shocks.
                  | (rElec) [Jiyva's grace]
  2497 | D:4      | Gained mutation: Your translucent skin slightly reduces
                  | your foes' accuracy. (Stealth+) [Jiyva's grace]
  2507 | D:4      | Noticed an orc warrior
  2514 | D:4      | HP: 1/53 [orc warrior/+3 mace (5)]
  2516 | D:4      | Mangled by an orc warrior

Illustrated notes

Levels and vault maps discovered:
D:1:      minmay_arrival_diagonal_passages, layout_loops_corners
D:2:      layout_loops_corners
D:3:      layout_loops_ring, lemuel_round_altar, bloody_makhleb,
          overflow_temple_1_default, chequers_ecumenical_altar_grove,
          grunt_decor_clamped, hangedman_feature_mirror
D:4:      layout_basic, lemuel_coloured_pillars_altar, lemuel_doored_altar,
          minmay_temple_entry_mini_moons

Skill      XL: |  1  2  3  4 |
---------------+-------------+-----
Unarmed Combat | 4 |  4.8
Fighting       | 3 |  3.0
Dodging        | 3 |  3.1
Stealth        | |  0.3

Action                     |  1- 3 |  4- 6 || total
---------------------------+-------+-------++-------
  Melee: Unarmed           |    83 |    70 ||   153
    Use: Potion            |       |     2 ||     2
 Armour: Robe              |    41 |    38 ||    79
  Dodge: Dodged            |    35 |    28 ||    63
